[Event "*** Titled Tuesday Blitz"]
[Site "Chess.com"]
[Date "2018.11.06"]
[Round "1"]
[White "kleinebeer98"]
[Black "Kawhi_Leonard2"]
[Result "1-0"]
[WhiteElo "2615"]
[BlackElo "2274"]
[TimeControl "180+2"]
[EndTime "13:07:35 PST"]
[Termination "kleinebeer98 won by resignation"]

1. e4 c5 2. Nf3 d6 3. Bb5+ Bd7 4. Bxd7+ Qxd7 5. c4 Nf6 6. Nc3 Nc6 7. d4 cxd4 8.
Nxd4 e6 9. O-O Be7 10. b3 O-O 11. Bb2 Rfd8 12. Re1 Rac8 13. Qd2 d5 14. exd5 exd5 15.
cxd5 Nb4 16. Rad1 Nbxd5 17. Nxd5 Nxd5 18. Nf3 Bf6 19. Ne5 Qf5 20. Nc4 Bxb2 21. Qxb2 Nf4 22.
Rxd8+ Rxd8 23. g3 Nh3+ 24. Kg2 Ng5 25. Qe2 h6 26. h4 Qd5+ 27. f3 Ne6 28. Qf2 b6 29.
Re5 Qd1 30. Re2 Nc5 31. Qe3 Qd3 32. Rd2 1-0

[Event "*** Titled Tuesday Blitz"]
[Site "Chess.com"]
[Date "2018.11.06"]
[Round "1"]
[White "dmosesov"]
[Black "dreamist"]
[Result "0-1"]
[WhiteElo "2319"]
[BlackElo "2677"]
[TimeControl "180+2"]
[EndTime "13:07:37 PST"]
[Termination "dreamist won by resignation"]

1. e4 c5 2. Nf3 d6 3. d4 Nf6 4.
Nc3 cxd4 5. Nxd4 a6 6. Bg5 Nbd7 7. Bc4 Qb6 8. Bb3 e6 9. O-O Be7 10. Kh1 Nc5 11. Na4 Qc7 12. f3 b5 13. Nc3 Bb7 14. Qe2 h6 15. Be3 Rc8 16. a4 b4 17.
Na2 a5 18. Rfd1 O-O 19. Nb5 Qb8 20. Bf4 e5 21. Be3 Nxb3 22. cxb3 d5 23. exd5 Bxd5 24.
Nc1 Rfe8 25. Qf2 Qb7 26. Nd3 Bxb3 27. Rdc1 Rxc1+ 28. Rxc1 Bxa4 29. Nc7 Rc8 30. Bb6 Bd6 31. Ne6 Rxc1+ 32. Nxc1 fxe6 33. Bc5 Qc6 34. Nd3 Bb5 35. Bxd6 Qxd6 36. Nc5 Qd1+ 37. Qg1 Qxg1+ 38. Kxg1 a4 39. Kf2 a3 40. bxa3 bxa3 0-1

[Event "*** Titled Tuesday Blitz"]
[Site "Chess.com"]
[Date "2018.11.06"]
[Round "1"]
[White "chessdjw"]
[Black "ZeroRealtorFade"]
[Result "1-0"]
[WhiteElo "2587"]
[BlackElo "2224"]
[TimeControl "180+2"]
[EndTime "13:07:38 PST"]
[Termination "chessdjw won by resignation"]

1. d4 Nf6 2. c4 c5 3. d5 b5 4.
cxb5 a6 5. bxa6 g6 6. Nc3 Bg7 7. Nf3 O-O 8. a7 Rxa7 9. e4 d6 10. a4 Ba6 11. Nb5 Bxb5 12. Bxb5 Nxe4 13. O-O Nf6 14. Re1 Na6 15. Bc4 Nb4 16. Bg5 Qa8 17. Bxf6 Bxf6 18. Re2 Rb8 19. Ra3 Qb7 20. Rae3 Qd7 21. b3 Qf5 22. h4 h5 23. g3 Kg7 24.
Kg2 Kg8 25. Re4 Kg7 26. Rf4 Qd7 27. Ng5 Rf8 28. Qe1 Be5 29. Rxe5 dxe5 30. Qxe5+ Kg8 31. Ne6 fxe6 32. Rxf8+ Kxf8 33. Qh8+ Kf7 34. dxe6+ Qxe6 35. Qh7+ Kf6 36. Bxe6 Kxe6 37. Qxg6+ Kd7 38. Qxh5 Rc7 39. Qg4+ e6 40. h5 Nd5 41. h6 Kd6 42. Qh4 Rh7 43.
Qd8+ Rd7 44. Qxd7+ Kxd7 45. h7 1-0

[Event "*** Titled Tuesday Blitz"]
[Site "Chess.com"]
[Date "2018.11.06"]
[Round "1"]
[White "Federtiu"]
[Black "Me_ch_an"]
[Result "1-0"]
[WhiteElo "2610"]
[BlackElo "2263"]
[TimeControl "180+2"]
[EndTime "13:07:39 PST"]
[Termination "Federtiu won on time"]

1. e4 c5 2. Nc3 a6 3. Nge2 b5 4. d4 cxd4 5. Nxd4 Bb7 6. Bd3 e6 7.
O-O Qc7 8. Kh1 Nf6 9. Qe2 d6 10.
f4 Nc6 11. Nxc6 Bxc6 12. Bd2 Be7 13. Rae1 Nd7 14. e5 Bh4 15. f5 Bxe1 16. fxe6 Nxe5 17. exf7+ Kf8 18. Qxe1 Nxf7 19. Qg3 Re8 20. a4 Re6 21. axb5 axb5 22. Ne2 Rf6 23. Rxf6 gxf6 24. Nd4 Qb7 25. Nf5 Qa7 26. Qg7+ Ke8 27. Nxd6+ Kd8 28. Nxf7+ Kc8 29. Nd6+ 1-0

[Event "*** Titled Tuesday Blitz"]
[Site "Chess.com"]
[Date "2018.11.06"]
[Round "1"]
[White "Msb2"]
[Black "NMJeevanK"]
[Result "1-0"]
[WhiteElo "2875"]
[BlackElo "2444"]
[TimeControl "180+2"]
[EndTime "13:07:40 PST"]
[Termination "Msb2 won by resignation"]

1. d4 d5 2. c4 c6 3. Nc3 dxc4 4. e3 Nf6 5. Bxc4 e6 6. Nf3 Nbd7 7. O-O Bb4 8. Qc2 O-O 9. e4 Nb6 10. Bd3 h6 11. e5 Nfd5 12. Ne4 Bd7 13. a3 Be7 14. Bd2 Rc8 15. Qc1 f5 16. exf6 Nxf6 17. Nc5 Bxc5 18.
dxc5 Nbd5 19. Ne5 Be8 20. b4 Qc7 21. Qb2 Rd8 22. Rad1 Bh5 23. f3 Nd7 24. Nc4 b5 25. Nd6 a5 26. Rfe1 axb4 27. axb4 Qa7 28. Kh1 e5 29.
Be4 Kh8 30. Nxb5 cxb5 31. Bxd5 Nxc5 32. Bxh6 gxh6 33. bxc5 Rde8 34. Qxb5 Qg7 35. c6 Rb8 36. Qc5 Rb2 37. Rg1 Rf4 38. c7 Rh4 39. c8=Q+ Kh7 40. Bg8+ Kg6 41. Qe6+ 1-0

[Event "*** Titled Tuesday Blitz"]
[Site "Chess.com"]
[Date "2018.11.06"]
[Round "1"]
[White "olksuna"]
[Black "AsaHoffmann"]
[Result "1-0"]
[WhiteElo "2485"]
[BlackElo "1997"]
[TimeControl "180+2"]
[EndTime "13:07:42 PST"]
[Termination "olksuna won by resignation"]

1. c4 Nf6 2. g3 d6 3. Bg2 e5 4.
Nc3 c6 5. Nf3 Be7 6. O-O O-O 7.
d4 e4 8. Ng5 d5 9. h4 h6 10.
Nh3 Bf5 11. cxd5 cxd5 12. Nf4 Nc6 13. e3 Qd7 14. Nh5 Bg4 15. Nxf6+ Bxf6 16. Qb3 Rfd8 17. Bd2 g5 18. hxg5 hxg5 19. Na4 Rab8 20. Rac1 Bh3 21.
Nc5 Qg4 22. Qd1 Qf5 23. f4 Bxg2 24. Kxg2 g4 25. Rh1 Kg7 26. Qe2 Ne7 27. b4 b6 28. Nb3 Rh8 29. a4 Ng6 30. Rxh8 Rxh8 31. Rh1 Rxh1 32. Kxh1 Ne7 33. Be1 Qh5+ 34. Qh2 Qg6 35.
Kg1 Nf5 36. Bf2 Be7 37. b5 Qd6 38. Qh5 Nh6 39. Nc1 Bf6 40. Ne2 Qa3 41. Qxd5 Qd3 42.
Kf1 Qd1+ 43. Be1 Qd3 44. Kf2 Kg6 45. f5+ Kg7 46. Nf4 Qc2+ 47. Kf1 Qd1 48. Nh5+ Kf8 49.
Qd6+ Be7 50. Qb8+ 1-0

[Event "*** Titled Tuesday Blitz"]
[Site "Chess.com"]
[Date "2018.11.06"]
[Round "1"]
[White "DiogenesSinopeus"]
[Black "Jospem"]
[Result "0-1"]
[WhiteElo "2416"]
[BlackElo "2812"]
[TimeControl "180+2"]
[EndTime "13:07:43 PST"]
[Termination "Jospem won by checkmate"]

1. d4 Nf6 2. c4 e6 3. Nc3 Bb4 4. d5 c5 5. g3 exd5 6. cxd5 O-O 7. Bg2 d6 8. Nf3 Re8 9. O-O a6 10. a4 Nbd7 11. Nd2 Ne5 12. h3 Rb8 13. f4 Ng6 14. e4 b5 15. axb5 axb5 16. Re1 c4 17.
Kh2 h5 18. Qf3 Bc5 19. Nd1 Nxd5 20. b3 c3 21. Nxc3 Nxc3 22. Qxc3 h4 23. Bb2 f6 24.
b4 Bf2 25. Rf1 Bxg3+ 26. Kh1 Be6 27. f5 Be5 28. Qa3 Nf4 29. fxe6 Rxe6 30. Bxe5 fxe5 31.
Qb3 Qe7 32. Nf3 Kh8 33. Qe3 Rg6 34. Rf2 Rg3 35. Qa7 Qf8 36. Nxh4 Re8 37. Rxf4 exf4 38. Qd7 Re7 39. Qxb5 Re5 40. Qb7 Kh7 41. Ra8 Qf6 42.
Qc8 g6 43. Qg8+ Kh6 44. Nf3 Rxe4 45. Rf8 Qa1+ 46. Kh2 Rxg2+ 47. Kxg2 Re2# 0-1

[Event "*** Titled Tuesday Blitz"]
[Site "Chess.com"]
[Date "2018.11.06"]
[Round "1"]
[White "juniortay"]
[Black "champ2005"]
[Result "0-1"]
[WhiteElo "2398"]
[BlackElo "2758"]
[TimeControl "180+2"]
[EndTime "13:07:44 PST"]
[Termination "champ2005 won by resignation"]

1. e4 c5 2. Nf3 d6 3. d4 cxd4 4. Qxd4 a6 5. Be3 Nc6 6. Qb6 Qxb6 7. Bxb6 Nf6 8. Nc3 g6 9. O-O-O Bg7 10. e5 Nd7 11. Nd5 Nxb6 12. Nxb6 Rb8 13. exd6 exd6 14. Rxd6 O-O 15. Nd7 Rd8 16. Bc4 Rxd7 17. Rhd1 Rxd6 18. Rxd6 Bg4 19. Ng5 Ne5 20. Bb3 Bh6 21. f4 Bxg5 22.
fxg5 Re8 23. Kd2 Be6 24. h4 Nc4+ 25. Bxc4 Bxc4 26. Kc3 Bb5 27. g4 Bc6 28. h5 Kg7 29.
Kd4 Re4+ 30. Kc5 Re5+ 31. Kb6 Rxg5 32. hxg6 hxg6 33. Rd4 Rb5+ 34. Kc7 Rxb2 0-1

[Event "*** Titled Tuesday Blitz"]
[Site "Chess.com"]
[Date "2018.11.06"]
[Round "1"]
[White "armago"]
[Black "TomsKantans"]
[Result "0-1"]
[WhiteElo "2053"]
[BlackElo "2501"]
[TimeControl "180+2"]
[EndTime "13:07:46 PST"]
[Termination "TomsKantans won on time"]

1. d4 Nf6 2. c4 e6 3. Nc3 Bb4 4.
e3 b6 5. Ne2 Ne4 6. Qc2 Bb7 7. a3 Bxc3+ 8. Nxc3 Nxc3 9. Qxc3 d6 10.
Bd3 Qg5 11. Rg1 Nd7 12. Bd2 O-O 13. O-O-O Qe7 14. f3 f5 15. e4 fxe4 16. fxe4 e5 17. d5 Rf7 18. Be3 Raf8 19. Qd2 Qh4 20. g3 Qh3 21.
Be2 Bc8 22. g4 Nf6 23. Bd3 Nxg4 24. Bg5 Rf2 25. Qc3 Nxh2 26. Be7 R8f7 27. Bd8 Bg4 28. Rde1 Nf3 29. Rh1 Qg3 30. Ref1 Nd4 31. Rfg1 Qe3+ 32.
Kb1 Be2 33. Bxe2 Qxc3 34. bxc3 Nxe2 35. Rg4 Nxc3+ 0-1

[Event "*** Titled Tuesday Blitz"]
[Site "Chess.com"]
[Date "2018.11.06"]
[Round "1"]
[White "FearNoEvil12"]
[Black "Alex_Terzi"]
[Result "0-1"]
[WhiteElo "1943"]
[BlackElo "2480"]
[TimeControl "180+2"]
[EndTime "13:07:46 PST"]
[Termination "Alex_Terzi won by resignation"]

1. e4 e6 2. d4 d5 3. Nc3 Bb4 4. Qd3 Nc6 5. e5 f6 6. a3 Bxc3+ 7. Qxc3 fxe5 8. dxe5 Nge7 9. Nf3 d4 10. Qb3 O-O 11. Bg5 h6 12. Bh4 g5 13. Bg3 Nf5 14. O-O-O Qe7 15.
Bd3 Bd7 16. Bxf5 Rxf5 17. Nxd4 Nxd4 18. Rxd4 Bc6 19. h4 Bxg2 20. Rh2 Bd5 21. Qd3 Rf3 22. Qe2 Raf8 23. Kb1 Qc5 24. Qd2 Rxg3 25. b4 Rg1+ 26. Kb2 Qc6 27. hxg5 hxg5 28. Qd3 Qd7 29. c4 c5 30. Rxd5 exd5 31. cxd5 cxb4 32. e6 Qg7+ 33. Kb3 Qc3+ 34. Ka4 Qxd3 0-1

[Event "*** Titled Tuesday Blitz"]
[Site "Chess.com"]
[Date "2018.11.06"]
[Round "1"]
[White "dhanushbharadwaj"]
[Black "BillForster"]
[Result "1-0"]
[WhiteElo "2474"]
[BlackElo "1705"]
[TimeControl "180+2"]
[EndTime "13:07:46 PST"]
[Termination "dhanushbharadwaj won by resignation"]

1. Nf3 d5 2. c4 c6 3. e3 Bg4 4. Nc3 e6 5. cxd5 exd5 6. Be2 Nf6 7. O-O Bd6 8. h3 Bh5 9. d3 O-O 10. e4 dxe4 11. dxe4 Qe7 12. Bg5 Nbd7 13. Nd4 Bxe2 14. Qxe2 h6 15. Be3 Bc7 16. Nf5 Qb4 17. Qf3 Rfe8 18. Rad1 Rad8 19. Rd2 Ne5 20. Nxh6+ Kf8 21. Qf5 Rxd2 22. Bxd2 Qd6 23. f4 Nd3 24. Be3 Bb6 25.
Bxb6 axb6 26. e5 Qd4+ 27. Kh2 gxh6 28. exf6 Re3 29. Rf3 Rxf3 30. Qc8+ 1-0

[Event "*** Titled Tuesday Blitz"]
[Site "Chess.com"]
[Date "2018.11.06"]
[Round "1"]
[White "WanderingPuppet"]
[Black "Bryakin_Mikhail"]
[Result "0-1"]
[WhiteElo "2327"]
[BlackElo "2685"]
[TimeControl "180+2"]
[EndTime "13:07:53 PST"]
[Termination "Bryakin_Mikhail won by resignation"]

1. e4 c6 2. Nc3 d5 3. Nf3 Nf6 4.
e5 Ne4 5. d4 Nxc3 6. bxc3 Bg4 7. Bd3 e6 8. O-O Nd7 9. Rb1 b5 10.
h3 Bh5 11. g4 Bg6 12. Kg2 Be7 13. Rh1 a6 14. h4 c5 15. Bxg6 hxg6 16. h5 gxh5 17. Rxh5 Rxh5 18. gxh5 Qa5 19. Bg5 Qxc3 20.
Bxe7 Kxe7 21. Qc1 f6 22. Qf4 Qxc2 23. Re1 Rh8 24. exf6+ gxf6 25. dxc5 Rg8+ 26. Kf1 Qc4+ 27. Qxc4 bxc4 28. c6 Nc5 29. Rb1 Kd6 30. c7 Kxc7 31. Nd4 Rh8 32. Re1 e5 33. Nf5 Rxh5 34. Ng3 Rh4 35.
Kg2 Ne4 36. Rb1 Nxg3 37. fxg3 Rd4 38. Rf1 Rd2+ 39. Kh3 c3 40. Rxf6 c2 0-1

[Event "*** Titled Tuesday Blitz"]
[Site "Chess.com"]
[Date "2018.11.06"]
[Round "1"]
[White "DrVitman"]
[Black "ShadyH9"]
[Result "1-0"]
[WhiteElo "2627"]
[BlackElo "2283"]
[TimeControl "180+2"]
[EndTime "13:07:58 PST"]
[Termination "DrVitman won by resignation"]

1. d4 d6 2. Nf3 g6 3. g3 Bg7 4. Bg2 Nf6 5. O-O O-O 6. b3 c5 7. Bb2 Ne4 8. c4 Nc6 9. Nbd2 Nxd2 10.
Qxd2 cxd4 11. Nxd4 Bd7 12. Nxc6 Bxc6 13. Bxg7 Kxg7 14.
Bxc6 bxc6 15. c5 d5 16. h4 e5 17. f4 f5 18. fxe5 Qe7 19. Qd4 Rfe8 20. e3 Qxe5 21. Kf2 Qxd4 22. exd4 Re4 23. Rad1 a5 24. Rfe1 a4 25. b4 a3 26. Rxe4 fxe4 27. Ke2 h5 28.
Rb1 Ra4 29. Kd2 Kf6 30. Kc3 Kf5 31. Rf1+ Kg4 32. Rf6 Kxg3 33. Rxc6 e3 34. Rxg6+ Kf2 35. Rf6+ Kg2 36. Re6 Kf2 37. c6 e2 38. c7 Ra8 39.
Kd2 1-0

[Event "*** Titled Tuesday Blitz"]
[Site "Chess.com"]
[Date "2018.11.06"]
[Round "1"]
[White "731291"]
[Black "colegiodemadrid"]
[Result "1-0"]
[WhiteElo "2570"]
[BlackElo "2211"]
[TimeControl "180+2"]
[EndTime "13:07:58 PST"]
[Termination "731291 won by resignation"]

1. e4 c5 2. Nf3 e6 3. d4 cxd4 4. Nxd4 Nf6 5. Nc3 d6 6. g3 Be7 7. Bg2 O-O 8. O-O Nc6 9. Nde2 Bd7 10. h3 Rc8 11. a4 Na5 12. Nb5 Bc6 13. Nxa7 Bxe4 14.
Nxc8 Qxc8 15. Bxe4 Nxe4 16. Nd4 d5 17. c3 e5 18. Nf3 Qe6 19. Re1 Rd8 20. Qe2 Qxh3 21.
Nxe5 Nb3 22. Be3 Nxa1 23. Rxa1 Bd6 24. Qg4 Qxg4 25. Nxg4 f6 26. Rd1 Bc7 27. Nh2 g5 28.
Nf3 Kf7 29. Nd4 Kg6 30. Ne6 Rd7 31. Nxc7 Rxc7 32. Rxd5 Rc4 33. a5 h5 34. Rb5 Ra4 35. Rb4 Ra1+ 36. Kg2 f5 37. Rb6+ Kf7 38. Rxb7+ Ke6 39. Rb6+ Ke5 40. a6 f4 41. gxf4+ gxf4 42. Rb5+ Kf6 43. Bd4+ Kg6 44. a7 Ng5 45. Rb8 f3+ 46.
Kh2 1-0

[Event "*** Titled Tuesday Blitz"]
[Site "Chess.com"]
[Date "2018.11.06"]
[Round "1"]
[White "aquaticpineapples"]
[Black "sergeikim"]
[Result "0-1"]
[WhiteElo "2014"]
[BlackElo "2492"]
[TimeControl "180+2"]
[EndTime "13:07:59 PST"]
[Termination "sergeikim won by resignation"]

1. d4 Nf6 2. Nf3 g6 3. Nbd2 Bg7 4. e4 d6 5. Bd3 O-O 6. O-O c6 7. a4 a5 8. b3 Na6 9. Bb2 Qc7 10. Re1 Nb4 11. Bf1 Nd7 12. c3 Na6 13. Qc2 e5 14.
Rac1 Re8 15. Nc4 exd4 16. cxd4 Nb4 17. Qb1 Nb6 18. e5 Nxc4 19. Bxc4 Bf5 20. exd6 Qxd6 21. Qa1 Rxe1+ 22. Nxe1 Re8 23. Bc3 h5 24. Qb2 Qf4 25. Nf3 Bg4 26. Ne5 Be6 27. Bxe6 Rxe6 28. g3 Qf5 29.
Qd2 c5 30. Nc4 Nd3 31. Rd1 cxd4 32. Bxa5 Nc5 33. Rb1 Qxb1+ 34. Kg2 Qxb3 35. Bb6 Qxc4 36. a5 Qd5+ 37. Kg1 d3 38. Bc7 Re2 39. Qf4 d2 0-1

[Event "*** Titled Tuesday Blitz"]
[Site "Chess.com"]
[Date "2018.11.06"]
[Round "1"]
[White "mc4chess"]
[Black "Shant_Sargsyan"]
[Result "1-0"]
[WhiteElo "2480"]
[BlackElo "2890"]
[TimeControl "180+2"]
[EndTime "13:08:00 PST"]
[Termination "mc4chess won by checkmate"]

1. Nf3 d5 2. c4 e6 3. g3 dxc4 4.
Bg2 a6 5. a4 Nc6 6. O-O Nf6 7.
Na3 Bxa3 8. Rxa3 O-O 9. d3 cxd3 10. Rxd3 Qe7 11. Bf4 e5 12. Bg5 e4 13. Re3 exf3 14. Rxe7 fxg2 15. Kxg2 Nxe7 16. Bxf6 gxf6 17. Qd4 f5 18.
Qf6 Ng6 19. h4 h5 20. Qg5 Kg7 21. Qxh5 Be6 22. Qg5 f6 23. Qc1 Bd5+ 24. Kg1 c6 25. Rd1 Rad8 26. f3 Rh8 27. Kf2 f4 28. gxf4 Rxh4 29. e4 Rdh8 30. Rg1 Rh2+ 31. Ke3 Bxe4 32. fxe4 R2h3+ 33. Kd4 Rd8+ 34. Kc5 Kh7 35. Qf1 Rb3 36. Qg2 b6+ 37. Kc4 Rg8 38. Rh1+ Nh4 39. Rxh4# 1-0

[Event "*** Titled Tuesday Blitz"]
[Site "Chess.com"]
[Date "2018.11.06"]
[Round "1"]
[White "NemtsevIgor"]
[Black "OK97"]
[Result "0-1"]
[WhiteElo "2378"]
[BlackElo "2740"]
[TimeControl "180+2"]
[EndTime "13:08:00 PST"]
[Termination "OK97 won by resignation"]

1. d4 Nf6 2. Nc3 d5 3. e4 dxe4 4. Be3 g6 5. f3 Bg7 6. fxe4 Ng4 7. Qd2 Nxe3 8. Qxe3 Qxd4 9. Qg3 Qd6 10. Qe3 O-O 11. Nf3 a6 12. Bd3 Nc6 13. Rd1 Qb4 14. O-O Bg4 15. Nd5 Qd6 16. Kh1 e6 17. Nc3 Qb4 18.
Qf4 Bxf3 19. Rxf3 Ne5 20. Rh3 Qxb2 21. Ne2 Rad8 22. Ng1 Qxa2 23. Qh4 h6 24. Nf3 Nxf3 25. gxf3 Qb2 26. f4 Qf6 27. Qg3 e5 28. f5 g5 29. Rh5 c5 30. Rg1 Rd4 31. h4 g4 32.
Qxg4 Rfd8 33. Rg5 hxg5 34. hxg5 Qc6 35. f6 c4 36. fxg7 Kxg7 37. Rf1 cxd3 38. Qf5 Qxe4+ 39. Qxe4 Rxe4 40. cxd3 Rxd3 0-1

[Event "*** Titled Tuesday Blitz"]
[Site "Chess.com"]
[Date "2018.11.06"]
[Round "1"]
[White "Chopper1905"]
[Black "hypert"]
[Result "0-1"]
[WhiteElo "2667"]
[BlackElo "2352"]
[TimeControl "180+2"]
[EndTime "13:08:00 PST"]
[Termination "hypert won by resignation"]

1. d4 Nf6 2. c4 e6 3. Nc3 Bb4 4. Qc2 O-O 5. a3 Bxc3+ 6. Qxc3 d5 7. Bg5 b6 8. cxd5 exd5 9. Rc1 c6 10. e3 Bb7 11.
Bd3 Nbd7 12. Nf3 h6 13. Bh4 Rc8 14. b4 Qe8 15. O-O Qe6 16. Nd2 g5 17. Bg3 c5 18.
dxc5 bxc5 19. bxc5 Nxc5 20. Bb1 Ba6 21. Nf3 Bxf1 22.
Nd4 Qa6 23. Rxf1 Nce4 24. Qb2 Qb6 25. Qa1 Nd2 26. Nf5 Nxf1 27. Bd6 Rc1 28. Nxh6+ Kg7 29. Nf5+ Kh7 30. h4 Qxb1 31. Qxf6 Nxe3+ 32. Kh2 Ng4+ 33.
Kg3 Nxf6 34. hxg5 Qxf5 35. gxf6 Rg8+ 0-1

[Event "*** Titled Tuesday Blitz"]
[Site "Chess.com"]
[Date "2018.11.06"]
[Round "1"]
[White "tomozupan"]
[Black "GianmarcoVaR"]
[Result "1-0"]
[WhiteElo "2162"]
[BlackElo "2487"]
[TimeControl "180+2"]
[EndTime "13:08:00 PST"]
[Termination "tomozupan won by checkmate"]

1. d4 Nf6 2. Bg5 Ne4 3. Bf4 d5 4. f3 Nf6 5. e4 dxe4 6. Nc3 exf3 7. Nxf3 Bg4 8. h3 Bxf3 9. Qxf3 c6 10. O-O-O e6 11. g4 Qa5 12. Kb1 Nbd7 13. g5 Nd5 14. Ne4 Nxf4 15. Qxf4 Be7 16. Bd3 e5 17. Qf5 g6 18.
Qg4 exd4 19. Rhe1 Ne5 20. Nf6+ Bxf6 21. gxf6 O-O 22. Qg5 Kh8 23. Rxe5 Qd8 24. Re7 Qd6 25. Rf1 Qd5 26. Qh6 Rg8 27. a3 c5 28. Rf4 Raf8 29.
Rh4 Qh1+ 30. Ka2 Qd5+ 31. b3 Qh5 32. Rxh5 gxh5 33. Qxh7# 1-0

[Event "*** Titled Tuesday Blitz"]
[Site "Chess.com"]
[Date "2018.11.06"]
[Round "1"]
[White "Alohamora11"]
[Black "ahmadzada13"]
[Result "0-1"]
[WhiteElo "2291"]
[BlackElo "2630"]
[TimeControl "180+2"]
[EndTime "13:08:05 PST"]
[Termination "ahmadzada13 won by resignation"]

1. e4 e5 2. Nf3 Nc6 3. d4 exd4 4. Nxd4 Nf6 5. Nc3 Bb4 6. Nxc6 bxc6 7. Bd3 d5 8. exd5 cxd5 9. O-O O-O 10. Bg5 c6 11.
Qf3 h6 12. Bxf6 Qxf6 13. Qxf6 gxf6 14. Ne2 Bd7 15. Nd4 c5 16. Nf5 c4 17. Nxh6+ Kg7 18.
Bf5 Bb5 19. a4 Ba6 20. Ng4 c3 21. bxc3 Bxc3 22. Ra3 Bxf1 23. Rxc3 Be2 24. Rg3 Bxg4 25. Rxg4+ Kh6 26. f4 Rfe8 27. Rh4+ Kg7 28. Kf2 Rab8 29. g4 Rb4 30. g5 fxg5 31. Rh7+ Kf6 32. Bd3 Rxf4+ 33.
Kg2 Rxa4 34. Rh6+ Kg7 35. Rh7+ Kg8 36. Rh5 Rg4+ 37. Kf3 Rf4+ 38. Kg3 Re3+ 39. Kg2 f6 40. Bh7+ Kg7 41. Bd3 Rh4 42. Rxh4 gxh4 0-1

[Event "*** Titled Tuesday Blitz"]
[Site "Chess.com"]
[Date "2018.11.06"]
[Round "1"]
[White "Makalexa"]
[Black "MatyChess1"]
[Result "0-1"]
[WhiteElo "2120"]
[BlackElo "2516"]
[TimeControl "180+2"]
[EndTime "13:08:05 PST"]
[Termination "MatyChess1 won by checkmate"]

1. e4 c5 2. Nf3 Nc6 3. d4 cxd4 4. Nxd4 Nf6 5. Nc3 e5 6. Ndb5 d6 7. Bg5 a6 8. Na3 b5 9. Nd5 Be7 10. Bxf6 Bxf6 11. c4 b4 12. Nc2 O-O 13. Qf3 Be6 14. Rd1 Bxd5 15. cxd5 Nd4 16. Nxd4 exd4 17. Bc4 d3 18.
O-O Bxb2 19. Rxd3 Qb6 20. Qh5 g6 21. Qh4 Bg7 22. Rh3 h6 23. Kh1 Rac8 24. Bb3 Rc3 25. f4 Qd4 26. Re1 Rfc8 27. e5 Rxh3 28. Qxh3 Rc3 29.
Qd7 Qxf4 30. e6 Be5 31. exf7+ Qxf7 32. Qd8+ Kg7 33. h3 Rxh3+ 34. gxh3 Qf3+ 35. Kg1 Bd4+ 36. Kh2 Qf2+ 37. Kh1 Qxe1+ 38. Kg2 Qf2+ 39. Kh1 Qg1# 0-1

[Event "*** Titled Tuesday Blitz"]
[Site "Chess.com"]
[Date "2018.11.06"]
[Round "1"]
[White "CarlssonLudvig"]
[Black "PelinGorki"]
[Result "0-1"]
[WhiteElo "2267"]
[BlackElo "2608"]
[TimeControl "180+2"]
[EndTime "13:08:10 PST"]
[Termination "PelinGorki won by resignation"]

1. e4 c5 2. Nf3 d6 3. Bb5+ Nd7 4. c3 Nf6 5. d3 a6 6. Ba4 b5 7. Bc2 Bb7 8. O-O e6 9. Re1 Be7 10. Nbd2 O-O 11. Nf1 Rc8 12. Ng3 Qc7 13. h3 Rfd8 14. Qe2 a5 15. Nh2 b4 16. Ng4 Ne5 17. Nxf6+ Bxf6 18. Nh5 Be7 19. f4 Ng6 20. f5 exf5 21. exf5 Ne5 22.
f6 Bxf6 23. Nxf6+ gxf6 24. Qh5 Re8 25. Bf4 Ng6 26. Bg3 Qc6 27. Re2 Rxe2 28. Qxe2 Re8 29.
Qf2 a4 30. Rf1 f5 31. Kh2 f4 32. Kh1 Re7 33. Bh2 a3 34. cxb4 axb2 35. bxc5 dxc5 36. Rg1 f3 37. Bg3 Re2 0-1

[Event "*** Titled Tuesday Blitz"]
[Site "Chess.com"]
[Date "2018.11.06"]
[Round "1"]
[White "ZuchBolt"]
[Black "Gareth-Bale11"]
[Result "0-1"]
[WhiteElo "2264"]
[BlackElo "2605"]
[TimeControl "180+2"]
[EndTime "13:08:10 PST"]
[Termination "Gareth-Bale11 won by resignation"]

1. d4 f6 2. e4 e6 3. Nc3 Bb4 4. f4 Ne7 5. Nf3 d5 6. e5 f5 7.
Bd2 O-O 8. Bd3 c5 9. Nb5 Bxd2+ 10. Qxd2 c4 11. Be2 Bd7 12. Nd6 Qc7 13. c3 Nbc6 14.
O-O a6 15. Kh1 Nc8 16. Nxc8 Raxc8 17. Rg1 Ne7 18. g4 fxg4 19. Rxg4 Nf5 20. Rag1 Be8 21. Ng5 Qe7 22. R4g2 h6 23. Nf3 Bh5 24. Ne1 Bxe2 25.
Qxe2 Rf7 26. Nc2 Rcf8 27. Rg4 Kh7 28. Ne3 Nh4 29. Qf2 g5 30. Qc2+ Kh8 31. fxg5 Rf2 32. Qb1 Nf3 33. R1g2 Nxg5 34. Qg6 Qh7 35. Qxh7+ Kxh7 36.
h4 Rxg2 37. Rxg2 Ne4 38. Ng4 Rf4 39. h5 Rxg4 40. Rxg4 Nf2+ 41. Kg2 Nxg4 42. Kf3 0-1

[Event "*** Titled Tuesday Blitz"]
[Site "Chess.com"]
[Date "2018.11.06"]
[Round "1"]
[White "PawnEatingZombie"]
[Black "pulvettd"]
[Result "0-1"]
[WhiteElo "2112"]
[BlackElo "2515"]
[TimeControl "180+2"]
[EndTime "13:08:10 PST"]
[Termination "pulvettd won on time"]

1. d4 Nf6 2. c4 g6 3. Nc3 Bg7 4. e4 d6 5. Nf3 O-O 6. Be2 Bg4 7. Be3 Nfd7 8. Rc1 c5 9. d5 Na6 10. O-O Nc7 11. Nd2 Bxe2 12. Qxe2 a6 13. a4 Rb8 14. Kh1 e6 15. f4 exd5 16. exd5 Re8 17. Qd3 f5 18.
Rce1 Nf6 19. Nf3 Ne4 20. Bd2 Nxd2 21. Qxd2 h6 22. Rxe8+ Qxe8 23. Re1 Qd7 24. Re3 Re8 25. Qe1 Kf7 26. b3 Rxe3 27. Qxe3 Qe7 28. Qxe7+ Kxe7 29.
Ne2 b5 30. Kg1 bxa4 31. bxa4 a5 32. Kf2 Na8 33. Nc1 Nb6 34. Nb3 Nxc4 35. Ke2 Nb2 36.
Nxa5 Nxa4 37. Nc4 Nc3+ 38. Kd2 Nxd5 39. Nh4 Nxf4 40. g3 Bf6 41. Nf3 Ne6 42. Nb6 Nc7 43. Nc8+ Ke6 0-1

[Event "*** Titled Tuesday Blitz"]
[Site "Chess.com"]
[Date "2018.11.06"]
[Round "1"]
[White "Mr_Penings"]
[Black "BjarkeSahl"]
[Result "1-0"]
[WhiteElo "2527"]
[BlackElo "2159"]
[TimeControl "180+2"]
[EndTime "13:08:11 PST"]
[Termination "Mr_Penings won by resignation"]

1. c4 f5 2. g3 Nf6 3. Bg2 g6 4. Nc3 Bg7 5. d3 O-O 6. e4 d6 7. Nge2 c6 8. O-O a5 9. h3 Na6 10. Be3 fxe4 11. dxe4 Be6 12. b3 Qc8 13. Kh2 Bf7 14.
f4 Nc7 15. Qd2 Ne6 16. Rae1 Nd7 17. f5 Nec5 18. Bh6 Ne5 19. Bxg7 Kxg7 20. f6+ exf6 21. Qxd6 Ne6 22. Nd5 cxd5 23. exd5 Qd8 24. Qa3 Ng5 25. Nd4 Re8 26. Nb5 h5 27. d6 Ra6 28.
Bxb7 Rb6 29. Bg2 h4 30. gxh4 Ne6 31. Qxa5 Rh8 32. Nc7 Rxd6 33. Nxe6+ Rxe6 34. Qxd8 Rxd8 35. Bd5 Ra6 36. Bxf7 Rxa2+ 37. Kh1 Rdd2 38. Bd5 Rh2+ 39. Kg1 Rxh3 40. Rf2 Ng4 41. Rxa2 1-0

[Event "*** Titled Tuesday Blitz"]
[Site "Chess.com"]
[Date "2018.11.06"]
[Round "1"]
[White "Zhuu96"]
[Black "GMMelik"]
[Result "1-0"]
[WhiteElo "2872"]
[BlackElo "2436"]
[TimeControl "180+2"]
[EndTime "13:08:14 PST"]
[Termination "Zhuu96 won by resignation"]

1. d4 d5 2. Nf3 Nf6 3. c4 c6 4.
Nc3 dxc4 5. e3 b5 6. a4 b4 7. Ne2 a5 8. Ng3 Ba6 9. Ne5 e6 10. Be2 Nbd7 11. Nxc4 Be7 12. O-O O-O 13. Qc2 c5 14. b3 cxd4 15. exd4 Rc8 16. Bb2 Nb6 17. Rfd1 Nbd5 18. Rac1 Nd7 19. Ne4 f5 20. Ned2 Bg5 21. Bf3 N7b6 22. Re1 Bxd2 23. Qxd2 Bxc4 24. bxc4 Nxc4 25. Qe2 Nxb2 26. Qxe6+ Kh8 27. Rxc8 Qxc8 28. Qxd5 Nd3 29. Rf1 Qd8 30. Qc4 Nb2 31. Qc2 Qxd4 32. Rb1 Nd3 33. h3 Ne5 34. Be2 Qc3 35. Qd1 b3 36.
Rxb3 Qc7 37. Rb5 Ng6 38. Bd3 Nf4 39. Bxf5 Rd8 40. Qf3 g6 41. Bb1 Qc1+ 42. Kh2 Qc7 43. Rb7 Qe5 44. Qe4 Qxe4 45. Bxe4 Rd2 46. Kg3 Nh5+ 47.
Kf3 Ra2 48. Bc6 Ra3+ 49. Ke4 Ra2 50. Rf7 Kg8 51. Bd5 Rxa4+ 52. Ke5 Kh8 53. g4 1-0